AoeStats
← Křovák

Fortress

510327858Analyzed
1v1 RM · 2d ago on Sep 30, 2026· 46m 23s· 2 players
Game mode
Random Map
Map size
Small (3 player)
Population
200
Speed
Normal
Resources
Standard
Victory
Conquest
Starting age
Dark Age
Ending age
Imperial Age
RankedLock teamsTeams togetherTeam positionsShared explorationLock speedFull tech treeHidden civsTurbo modeCheats
Victory
Defeat
🇨🇿 Persians · Czechia
907
+14
🇨🇿 Franks · Czechia
874
-14
Křovák
5:33 Loom
7:59 Feudal Age
9:27 Double-Bit Axe
13:44 Castle Age
17:03 Bow Saw
21:28 Town Watch
23:58 Gold Mining
26:55 Imperial Age
24:39 Fletching
25:56 Bodkin Arrow
26:11 Forging
27:17 Murder Holes
29:50 Wheelbarrow
31:10 Scale Barding Armor
31:41 Iron Casting
30:56 Cavalier
33:40 Chemistry
33:06 Chain Barding Armor
37:52 Stone Mining
38:30 Pikeman
39:10 Squires
39:15 Scale Mail Armor
39:54 Fortified Wall
43:46 Chain Mail Armor
44:32 Blast Furnace
45:56 Hoardings
46:05 Hoardings
ttoommaass300
7:41 Feudal Age
11:58 Castle Age
10:31 Double-Bit Axe
10:28 Horse Collar
13:59 Wheelbarrow
14:46 Loom
22:30 Bow Saw
22:24 Heavy Plow
23:40 Bloodlines
24:04 Hand Cart
29:17 Imperial Age
26:55 Scale Barding Armor
27:01 Forging
26:43 Fletching
26:58 Padded Archer Armor
29:26 Cavalier
30:42 Heavy Camel Rider
32:11 Kamandaran
33:56 Crossbowman
36:45 Chain Barding Armor
37:01 Iron Casting
36:44 Leather Archer Armor
40:06 Hoardings
40:36 Chemistry
39:57 Ballistics
39:53 Masonry
41:47 Thumb Ring
42:48 Thumb Ring
42:57 Thumb Ring
42:54 Bodkin Arrow
43:30 Ring Archer Armor
44:00 Blast Furnace
43:36 Plate Barding Armor
45:05 Sappers
45:56 Conscription
Connection lost

Rejoining the realm…

Still unreachable

The connection could not be restored.

Session expired

The server has moved on; the page needs a fresh start.